 Dungeon Crawl Stone Soup version 0.30.1-11-g7821555f0a (webtiles) character file.

Game seed: 18378825736460076580

577268 Cheops the Metallomancer (level 26, -29/154 HPs)
             Began as a Gargoyle Earth Elementalist on Jan 3, 2024.
             Was the Champion of Vehumet.
             Killed from afar by a quicksilver dragon (38 damage)
             ... with a bolt of dispelling energy
             ... on level 1 of the Realm of Zot on Jan 7, 2024.
             The game lasted 12:51:59 (141849 turns).

Cheops the Metallomancer (GrEE)                   Turns: 141849, Time: 12:52:00

Health: -29/154    AC: 45    Str: 21    XL:     26   Next: 55%
Magic:  0/47       EV: 10    Int: 37    God:    Vehumet [******]
Gold:   3781       SH: 21    Dex: 11    Spells: 4/65 levels left

rFire   + + +        a - staff of conjuration "Gaxkig" {rC++ Int+4 Dex+3}
rCold   + + .        Z - +4 kite shield {reflect}
rNeg    + . .        y - +5 ring mail of the Tundras {Harm Str+3}
rPois   ∞            x - +3 crown of Dyrovepreva {rElec Int+2 SInv}
rElec   +            l - +2 cloak of Negation {rF++ Dex-2}
rCorr   +            u - +1 pair of gloves "Ethrixe" {rElec Int+5}
SInv    +            M - +2 pair of boots {Stlth+}
Will    ++...        q - amulet of guardian spirit
Stlth   ++           s - ring of the Freezing Madman {Will+ rCorr Int+6}
HPRegen 0.45/turn    R - ring of wizardry
MPRegen 0.30/turn

%: harm (+30% outgoing, +20% incoming), reflection, guardian spirit, wizardry
(x1)
@: flying, studying Ice Magic
A: sickness immunity, AC +20, big wings, negative energy resistance 1,
electricity resistance, torment resistance 1, petrification resistance, large
bone plates 1, dopey 1, fire resistance 1
}: 4/15 runes: serpentine, barnacled, slimy, silver
a: Renounce Religion


You were on level 1 of the Realm of Zot.
You worshipped Vehumet.
Vehumet was exalted by your worship.
You visited 11 branches of the dungeon, and saw 49 of its levels.
You also visited: Ossuary, Bailey, Ice Cave and Volcano.

You collected 7682 gold pieces.
You spent 3901 gold pieces at shops.

Inventory:

Hand Weapons
 b - the +3 short sword of Absolution {freeze, rPois Str+3 Int+4 Dex-4}
   (You took it off a spriggan in a bailey)

   Str:       It affects your strength (+3).
   Int:       It affects your intelligence (+4).
   Dex:       It affects your dexterity (-4).
   rPois:     It protects you from poison.
 c - the +5 demon whip "Spellbinder" {antimagic, disrupt, Will+}
   (You bought it in a shop on level 9 of the Dungeon)

   Will:      It increases your willpower.
Armour
 l - the +2 cloak of Negation (worn) {rF++ Dex-2}
   (You found it on level 5 of the Vaults)

   Dex:       It affects your dexterity (-2).
   rF:        It greatly protects you from fire.
 u - the +1 pair of gloves "Ethrixe" (worn) {rElec Int+5}
   (You bought it in a shop on level 2 of the Orcish Mines)

   Int:       It affects your intelligence (+5).
   rElec:     It insulates you from electricity.
 x - the +3 crown of Dyrovepreva (worn) {rElec Int+2 SInv}
   (You found it on level 5 of the Pits of Slime)

   Int:       It affects your intelligence (+2).
   rElec:     It insulates you from electricity.
   SInv:      It lets you see invisible.
 y - the +5 ring mail of the Tundras (worn) {Harm Str+3}
   (You found it on level 5 of the Vaults)

   Str:       It affects your strength (+3).
   Harm:      It increases damage dealt and taken.
 H - the +18 Lear's hauberk
   (You acquired it on level 1 of the Snake Pit)
 K - a +3 buckler of cold resistance
 M - a +2 pair of boots of stealth (worn)
 P - +2 fire dragon scales
 Q - the +2 ring mail "Beewn" {rElec rC+++ MP+9 Str-2}
   (You found it on level 5 of the Vaults)

   Str:       It affects your strength (-2).
   rC:        It renders you almost immune to cold.
   rElec:     It insulates you from electricity.
   MP:        It affects your magic capacity (+9).
 Z - a +4 kite shield of reflection (worn)
Magical Staves
 a - the staff of conjuration "Gaxkig" (weapon) {rC++ Int+4 Dex+3}
   (You took it off a deep elf pyromancer on level 3 of the Elven Halls)

   [staff of conjuration]

   Base accuracy: +5 Base damage: 5 Base attack delay: 1.2 This weapon's minimum
   attack delay (0.6) is reached at skill level 12.
   Int:       It affects your intelligence (+4).
   Dex:       It affects your dexterity (+3).
   rC:        It greatly protects you from cold.
   It falls into the 'Staves' category.
   It is a one-handed weapon.
 d - a staff of fire {!a}
Jewellery
 e - the ring of Daip {Will+ Dex+6 SInv}
   (You found it on level 1 of the Depths)

   [ring of dexterity]

   Dex:       It affects your dexterity (+6).
   SInv:      It lets you see invisible.
   Will:      It increases your willpower.
 h - the ring of Fotz {rPois MP+9 Int+4}
   (You took it off a deep elf sorcerer on level 3 of the Elven Halls)

   [ring of magical power]

   Int:       It affects your intelligence (+4).
   rPois:     It protects you from poison.
   MP:        It affects your magic capacity (+9).
 q - an amulet of guardian spirit (around neck)
 s - the ring of the Freezing Madman (left hand) {Will+ rCorr Int+6}
   (You found it on level 1 of the Depths)

   [ring of willpower]

   Int:       It affects your intelligence (+6).
   rCorr:     It protects you from acid and corrosion.
   Will:      It increases your willpower.
 C - the ring of Harmony {rPois rC+ Will+ Slay+4}
   (You found it on level 5 of the Pits of Slime)

   [ring of slaying]

   Slay:      It affects your accuracy & damage with ranged weapons and melee
   (+4).
   rC:        It protects you from cold.
   rPois:     It protects you from poison.
   Will:      It increases your willpower.
 F - the ring of Dawn {rC+ Will+ Str+2 Dex-2 SInv}
   (You found it on level 4 of the Shoals)

   [ring of protection from cold]

   Str:       It affects your strength (+2).
   Dex:       It affects your dexterity (-2).
   rC:        It protects you from cold.
   SInv:      It lets you see invisible.
   Will:      It increases your willpower.
 R - a ring of wizardry (right hand)
 S - the ring of Sor Gaa {Fire rN+ Str+6}
   (You took it off a vault sentinel on level 5 of the Vaults)

   [ring of fire]

   It enhances your fire magic.
   Str:       It affects your strength (+6).
   rF:        It protects you from fire.
   rC:        It makes you vulnerable to cold.
   rN:        It protects you from negative energy.
Wands
 j - a wand of polymorph (11)
 v - a wand of roots (49)
 A - a wand of paralysis (53)
 I - a wand of digging (34)
 L - a wand of light (15)
 V - a wand of mindburst (4)
 W - a wand of flame (60)
Scrolls
 f - 2 scrolls of amnesia
 i - 13 scrolls of poison
 m - 7 scrolls of immolation
 o - 10 scrolls of fog
 r - 7 scrolls of fear
 z - 5 scrolls of magic mapping
 G - 6 scrolls of butterflies
 J - 2 scrolls of silence
 O - 5 scrolls of teleportation
 X - 3 scrolls of blinking
Potions
 g - 9 potions of ambrosia
 k - 6 potions of brilliance
 n - 4 potions of magic
 p - 7 potions of mutation
 t - 8 potions of might
 D - 9 potions of lignification
 E - 4 potions of haste
 N - 8 potions of cancellation
 T - 6 potions of resistance
 U - 12 potions of heal wounds
 Y - 31 potions of curing
Miscellaneous
 w - a phial of floods
 B - a lightning rod (4/4)


   Skills:
 - Level 12.4 Fighting
 - Level 12.0 Staves
 - Level 12.0 Armour
 - Level 1.5 Dodging
 - Level 2.1 Stealth
 - Level 16.2 Shields
 - Level 20.0 Spellcasting
 - Level 18.0 Conjurations
 - Level 14.0 Summonings
 + Level 8.7 Necromancy
 - Level 15.0 Transmutations
 - Level 21.0 Earth Magic
 - Level 12.0 Evocations


You had 4 spell levels left.
You knew the following spells:

 Your Spells              Type           Power      Damage    Failure   Level
a - Sandblast             Erth           100%       2d20      0%          1
b - Stone Arrow           Conj/Erth      100%       3d13      0%          3
c - Iron Shot             Conj/Erth      67%        9d12      1%          6
d - Lehudib's Crystal Sp  Conj/Erth      67%        10d15     1%          8
f - Lee's Rapid Deconstr  Erth           56%        3d26*     0%          5
p - Petrify               Tmut/Erth      100%       N/A       0%          4
v - Borgnjor's Vile Clut  Necr/Erth      49%        N/A       1%          5
B - Iskenderun's Battles  Conj           100%       2d15      1%          5
G - Summon Cactus Giant   Summ           48%        N/A       1%          6
P - Passwall              Tmut/Erth      88%        N/A       0%          2
S - Spellforged Servitor  Conj/Summ      62%        N/A       1%          7
Z - Shatter               Erth           56%        3d42*     3%          9

Your spell library contained the following spells:

 Spells                   Type           Power      Damage    Failure   Level
 Kiss of Death            Conj/Necr      100%       2d13      0%          1
 Magic Dart               Conj           100%       1d8       0%          1
 Summon Small Mammal      Summ           100%       N/A       0%          1
 Call Imp                 Summ           100%       N/A       0%          2
 Call Canine Familiar     Summ           96%        N/A       0%          3
 Animate Armour           Summ/Erth      100%       N/A       0%          4
 Foxfire                  Conj/Fire      100%       2x1d9     1%          1
 Freeze                   Ice            100%       1d10      1%          1
 Necrotise                Necr           100%       1d9       1%          1
 Shock                    Conj/Air       100%       1d9       1%          1
 Slow                     Hex            100%       N/A       1%          1
 Blink                    Tloc           74%        N/A       1%          2
 Poisonous Vapours        Pois/Air       74%        N/A       1%          2
 Confusing Touch          Hex            37%        N/A       1%          3
 Dazzling Flash           Conj/Hex       100%       N/A       1%          3
 Frozen Ramparts          Ice            74%        1d12      1%          3
 Gell's Gravitas          Tloc           37%        N/A       1%          3
 Hailstorm                Conj/Ice       100%       3d20      1%          3
 Ignite Poison            Fire/Tmut/Pois 65%        N/A       1%          3
 Inner Flame              Hex/Fire       37%        N/A       1%          3
 Mephitic Cloud           Conj/Pois/Air  89%        N/A       1%          3
 Ozocubu's Armour         Ice            37%        N/A       1%          3
 Spider Form              Tmut/Pois      75%        N/A       1%          3
 Summon Guardian Golem    Hex/Summ       73%        N/A       1%          3
 Swiftness                Air            37%        N/A       1%          3
 Teleport Other           Tloc           37%        N/A       1%          3
 Vampiric Draining        Necr           80%        2d11      1%          3
 Vhi's Electric Charge    Tloc/Air       74%        N/A       1%          3
 Airstrike                Air            18%        2d(3-19)  1%          4
 Animate Dead             Necr           80%        N/A       1%          4
 Dispel Undead            Necr           80%        3d26      1%          4
 Flame Wave               Conj/Fire      100%       2d21      1%          4
 Fulminant Prism          Conj/Hex       50%        3d23      1%          4
 Ice Form                 Ice/Tmut       75%        N/A       1%          4
 Leda's Liquefaction      Hex/Erth       42%        N/A       1%          4
 Sticky Flame             Conj/Fire      100%       2d11      1%          4
 Manifold Assault         Tloc           37%        N/A       6%          4
 Agony                    Necr           80%        N/A       1%          5
 Arcjolt                  Conj/Air       50%        1d60      1%          5
 Blade Hands              Tmut           49%        N/A       1%          5
 Fireball                 Conj/Fire      50%        3d20      1%          5
 Freezing Cloud           Conj/Ice/Air   44%        6-21      1%          5
 Irradiate                Conj/Tmut      63%        3d32      1%          5
 Summon Forest            Summ/Tloc      36%        N/A       1%          5
 Summon Mana Viper        Hex/Summ       73%        N/A       1%          5
 Eringya's Noxious Bog    Tmut/Pois      37%        N/A       1%          6
 Starburst                Conj/Fire      50%        6d14      1%          6
 Dragon Form              Tmut           49%        N/A       1%          7
 Orb of Destruction       Conj           65%        9d15      1%          7
 Summon Hydra             Summ           48%        N/A       1%          7
 Death Channel            Necr           40%        N/A       2%          6
 Haunt                    Necr/Summ      44%        N/A       5%          7
 Summon Horrible Things   Summ           48%        N/A       14%         8
 Simulacrum               Ice/Necr       31%        N/A       16%         6
 Metabolic Englaciation   Hex/Ice        18%        N/A       17%         5
 Silence                  Hex/Air        18%        N/A       17%         5
 Plasma Beam              Fire/Air       18%        2x1d33    24%         6
 Storm Form               Tmut/Air       37%        N/A       26%         7
 Malign Gateway           Summ/Tloc      36%        N/A       30%         7
 Necromutation            Tmut/Necr      45%        N/A       32%         8
 Dispersal                Tloc           18%        N/A       65%         6
 Ozocubu's Refrigeration  Ice            18%        4d11      73%         7
 Borgnjor's Revivificati  Necr           40%        N/A       73%         8
 Infestation              Necr           40%        N/A       73%         8
 Dragon's Call            Summ           48%        N/A       88%         9
 Chain Lightning          Conj/Air       50%        3d67      95%         9
 Fire Storm               Conj/Fire      50%        8d13      95%         9
 Ignition                 Fire           18%        3d7       99%         8
 Maxwell's Capacitive Co  Air            18%        ∞         99%         8
 Disjunction              Tloc           18%        N/A       100%        8
 Death's Door             Necr           40%        N/A       100%        9
 Polar Vortex             Ice            18%        N/A       100%        9
 Cigotuvi's Dreadful Rot  Necr/Pois/Air  Unusable   N/A       N/A         2
 Statue Form              Tmut/Erth      Unusable   N/A       N/A         6

Dungeon Overview and Level Annotations

Branches:
Dungeon (15/15)            Temple (1/1) D:4            Lair (5/5) D:8
 Shoals (4/4) Lair:2        Snake (4/4) Lair:3        Slime (5/5) Lair:5
    Orc (2/2) D:12            Elf (3/3) Orc:2        Vaults (5/5) D:13
  Crypt (0/3) Vaults:3     Depths (4/4) D:15            Zot (1/5) Depths:4
Ossuary (visited)          Bailey (visited)           IceCv (visited)
Volcano (visited)

Altars:
Ashenzari
Cheibriados
Dithmenos
Elyvilon
Fedhas
Gozag
Hepliaklqana
Kikubaaqudgha
Makhleb
Nemelex Xobeh
Okawaru
Qazlal
Ru
Sif Muna
Trog
Uskayaw
Vehumet
Wu Jian
Xom
Yredelemnul
Zin
The Shining One
Jiyva
Lugonu

Shops:
D:9 (((   D:10 :   Orc:1 *   Orc:2 !*!*[[:(   Elf:1 !   Shoals:1 (   Shoals:2 *
Snake:1 [   Vaults:2 *   Vaults:3 [   Depths:1 *   Depths:4 !

Portals:
Hell: Depths:1 Depths:2* Depths:3 Depths:4
Abyss: Depths:3 Depths:4
Pandemonium: Depths:2 Depths:3
Ziggurat: Depths:2


Innate Abilities, Weirdness & Mutations

You are immune to sickness and miasma.
Your stone body is resilient. (AC +20)
You are immune to poison.
Your large and strong wings let you fly.
You resist negative energy. (rN+)
You are resistant to electric shocks. (rElec)
You are resistant to unholy torment.
You are immune to petrification.
You are partially covered in large bone plates. (SH +4)
You are dopey. (Int -2)
Your flesh is heat resistant. (rF+)


Message History

Okay, then.
Casting: Stone Arrow (safe; 0% risk of failure)
Confirm with . or Enter, or press ? or * to list all spells.
Okay, then.
The quicksilver dragon breathes dispelling energy at you.
The bolt of dispelling energy hits you!!
* * * LOW HITPOINT WARNING * * *
Unknown command.
Blink to where?
Press: ? - help, Dir - move target, p - red draconian
As you read the scroll of blinking, it crumbles to dust.
Okay, then.
Unknown command.
Blink to where?
Press: ? - help, Dir - move target
As you read the scroll of blinking, it crumbles to dust.
You see here a +1 dire flail of protection.
You see here a +0 scimitar.
Casting: Stone Arrow (safe; 0% risk of failure)
Confirm with . or Enter, or press ? or * to list all spells.
The quicksilver dragon breathes dispelling energy at you.
The bolt of dispelling energy misses you.
Your cactus giant hits the quicksilver dragon with a +0 giant spiked club!!
You feel much better. What are your orders? t - Shout!
Orders for allies: a - Attack new target. r - Retreat! s - Stop attacking. g - Guard the area. f - Follow me.
Anything else - Cancel.
Gang up on whom?
Press: ? - help, Dir - move target, f - quicksilver dragon
Aim: a quicksilver dragon (moderately wounded, ally target) Attack!
The quicksilver dragon bites you!
* * * LOW HITPOINT WARNING * * *
The quicksilver dragon claws you!
* * * LOW HITPOINT WARNING * * *
The quicksilver dragon breathes dispelling energy at you.
The bolt of dispelling energy hits you!!
You die...

##......................##
##
#....................∩...##
#
...#########..#########...##
..## #..# ##...## .## #..#
##...## ## #..# ##...## #
#..# ##...##
#######..####### ##...##
##..........@D..## ##...#
##>...............## ##...
##...############..C## ##..
##...## ##...## ##. ##...##
##...## ## #⌠..## ##)..## #
...## ##...## # ..##
######## ##...# # .##
##......## ##..# #


You could see a quicksilver dragon (catching breath, ally target) and a friendly
cactus giant (summoned).

Vanquished Creatures
  Dissolution (Slime:4)
  the Royal Jelly (Slime:5)
  2 dread liches
  Vashnia (Snake:3)
  5 caustic shrikes
  4 golden dragons
  The ghost of Plog the Warrior, an adept DgCj (Depths:3)
  Jory (Depths:3)
  An electric golem (Zot:1)
  Mlioglotl (Snake:1)
  Rupert (D:12)
  2 tentacled monstrosities
  6 liches
  The ghost of fearitself the Executioner, an adept MiBe of Trog (Shoals:1)
  Asterion (Depths:1)
  2 walking earthen tomes
  5 titans
  2 deep elf master archers (Elf:3)
  13 acid blobs
  3 sphinxes
  Polyphemus (Shoals:4)
  4 storm dragons
  6 tengu reavers
  3 nagarajas
  5 shadow dragons
  A draconian monk (Zot:1)
  9 fire giants
  2 draconian knights
  12 azure jellies
  13 rockslimes
  15 vault wardens
  4 deep elf sorcerers
  2 draconian scorchers
  3 orc warlords
  A draconian stormcaller (Zot:1)
  6 frost giants
  A ghost moth (Zot:1)
  A balrug (Depths:2)
  A draconian annihilator (Depths:4)
  3 deep elf elementalists
  10 very ugly things
  13 ironbound preservers
  13 stone giants
  3 war gargoyles
  13 quicksilver oozes
  3 deep elf demonologists (Elf:3)
  Nessos (D:15)
  5 ironbound thunderhulks
  3 vampire knights
  4 yellow draconians
  3 green draconians (Zot:1)
  2 black draconians
  5 white draconians
  5 deep elf annihilators
  A lorocyproca (Depths:3)
  2 purple draconians (Zot:1)
  A red draconian (Zot:1)
  7 dire elephants
  4 spark wasps
  An ettin (shapeshifter) (Depths:1)
  4 deep elf death magi
  5 merfolk javelineers (Shoals:4)
  A green death (Depths:2)
  7 merfolk impalers
  A jiangshi (Depths:2)
  9 ettins
  9 yaktaur captains
  8 fire dragons
  Harold (Lair:2)
  The ghost of ritesign the Thaumaturge, a journeyman DgCj (D:10)
  A deep elf high priest (Elf:3)
  5 rakshasas
  3 salamander tyrants
  11 great orbs of eyes
  3 ice dragons
  5 hydras
  30 vault guards
  5 centaur warriors
  2 merfolk avatars
  2 peacekeepers (Vaults:3)
  6 ironbound frosthearts
  4 catoblepae
  8 anacondas
  2 spriggan air magi
  5 boulder beetles
  3 ogre magi
  2 merfolk aquamancers
  6 two-headed ogres
  6 naga warriors
  17 dancing weapons
  The ghost of ritesign the Thaumaturge, a journeyman DECj of Okawaru (D:11)
  2 vampire magi (Depths:2)
  8 deep troll shamans
  7 deep troll earth magi
  5 tengu warriors
  12 naga sharpshooters
  14 nameless horrors
  6 death yaks
  2 shock serpents (shapeshifter)
  2 orc high priests (Orc:2)
  5 shock serpents
  4 sun demons
  A hell knight (Depths:1)
  Sonja (Lair:2)
  4 spriggan berserkers
  3 skeletal warriors (D:15)
  7 iron trolls
  13 deep elf knights
  6 salamander mystics
  12 deep elf archers
  6 skysharks
  A sixfirhy (Depths:3)
  30 deep trolls
  3 glowing orange brains
  16 ironbound convokers
  7 wizards
  13 sea snakes
  A flayed ghost (Vaults:5)
  5 naga ritualists (Snake:4)
  11 harpies
  6 orc knights
  3 phantasmal warriors
  17 deep elf zephyrmancers
  8 mana vipers
  Pikel (D:6)
  21 deep elf pyromancers
  7 lindwurms
  18 salamanders
  21 ugly things
  4 shining eyes
  13 manticores
  A mana viper (shapeshifter) (D:13)
  2 wolf spiders
  2 orc sorcerers
  2 fauns (Shoals:1)
  An elephant (shapeshifter) (Depths:2)
  A glowing shapeshifter (Depths:2)
  4 moths of wrath (Zot:1)
  10 merfolk sirens
  3 toenail golems (Volcano)
  5 cyclopes
  2 rust devils (Depths:2)
  2 guardian serpents (Snake:2)
  21 vault sentinels
  4 elephants (Lair:5)
  7 water nymphs
  34 black mambas
  An ice statue (IceCv)
  2 eyes of devastation (Slime:3)
  A molten gargoyle (Volcano)
  A water nymph (shapeshifter) (Vaults:5)
  2 gargoyles
  Maggie (D:7)
  14 naga magi
  2 hellions (Elf:3)
  18 rime drakes
  4 cane toads
  A spectral sea snake (Shoals:1)
  3 freezing wraiths
  2 efreet (Volcano)
  A komodo dragon (shapeshifter) (D:13)
  4 tengu conjurers
  7 komodo dragons
  4 yaktaurs
  2 ice devils (Depths:2)
  A red devil (Depths:2)
  10 trolls
  A meliai (shapeshifter) (Vaults:5)
  18 merfolk
  2 meliai (D:13)
  3 hellwings (Depths:2)
  14 polar bears (IceCv)
  A spectral merfolk (Shoals:1)
  Prince Ribbit (D:6)
  5 hornets
  4 wind drakes
  2 raiju (shapeshifter)
  5 blink frogs (Lair:2)
  4 snapping turtles
  7 dream sheep (Lair:3)
  65 slime creatures
  A shadow (D:10)
  A vampire (D:9)
  8 water elementals
  An air elemental (Elf:2)
  8 wraiths
  10 spriggans
  3 wyverns
  7 fire elementals
  A ynoxinul (D:11)
  41 yaks
  2 golden eyes (Slime:2)
  A redback (Vaults:5)
  6 basilisks
  7 steam dragons
  A redback (shapeshifter) (Depths:2)
  A sea snake simulacrum (Shoals:1)
  2 chaos spawn
  An acid dragon (shapeshifter) (Elf:1)
  6 vampire mosquitoes
  An acid dragon (D:12)
  6 wargs
  9 water moccasins
  26 nagas
  3 hell hounds (D:13)
  A floating eye (shapeshifter) (Depths:2)
  4 black bears
  16 orc warriors
  4 sky beasts
  The ghost of tmcgee265 the Chopper, an amateur HOFi (D:4)
  8 boggarts
  An ice beast (D:8)
  15 ogres
  25 wolves
  A phantom (D:5)
  12 centaurs
  3 kobold brigands
  A gnoll sergeant (D:12)
  2 elf zombies
  14 bullfrogs
  A glowing shapeshifter simulacrum (Vaults:3)
  3 earth elementals
  A scorpion (shapeshifter) (Vaults:5)
  3 scorpions
  11 wights
  23 killer bees
  6 howler monkeys
  A crimson imp (D:10)
  2 hounds
  7 jellies
  15 orc priests
  A sleepcap (D:6)
  2 human skeletons
  2 iguanas
  12 orc wizards
  10 gnolls
  3 adders
  3 shadow imps
  A white imp (D:7)
  A worm (D:3)
  5 dart slugs
  64 orcs
  5 endoplasms
  A giant cockroach (D:4)
  7 goblins
  9 hobgoblins
  3 jackals (D:1)
  15 kobolds
  A quokka (D:1)
  7 ball pythons
  5 bats
  2 frilled lizards
  A hobgoblin skeleton (Ossuary)
  2 hobgoblin zombies (Ossuary)
  A kobold zombie (Ossuary)
  4 orc skeletons
  5 orc zombies
  6 rats
  5 fire vortices (Volcano)
  A spectral weapon (Depths:1)
1577 creatures vanquished.

Vanquished Creatures (collateral kills)
  An ancient lich (Vaults:5)
  4 juggernauts
  2 caustic shrikes
  5 golden dragons
  Zenata (Vaults:4)
  2 liches (Depths:3)
  3 titans
  4 tentacled monstrosities
  7 acid blobs
  A quicksilver dragon (Depths:4)
  2 deep elf blademasters (Elf:3)
  A sphinx (Vaults:5)
  A shadow dragon (shapeshifter) (Depths:3)
  5 azure jellies
  4 storm dragons
  4 shadow dragons
  2 tengu reavers
  2 nagarajas (Snake:3)
  3 rockslimes
  4 fire giants
  2 frost giants
  5 deep elf sorcerers
  7 vault wardens
  11 ironbound preservers
  Aizul (Snake:4)
  A quicksilver ooze (shapeshifter) (Depths:4)
  4 quicksilver oozes (Slime:5)
  An orc warlord (Vaults:3)
  4 very ugly things
  8 stone giants
  4 war gargoyles
  A deep elf demonologist (Elf:3)
  3 ironbound thunderhulks
  2 black draconians
  A green draconian (Zot:1)
  A yellow draconian (Zot:1)
  A dire elephant (Vaults:3)
  2 purple draconians (Zot:1)
  4 spark wasps
  Azrael (D:13)
  3 deep elf annihilators (Elf:3)
  A red draconian (Zot:1)
  2 deep elf death magi (Elf:3)
  4 ettins
  A jiangshi (Depths:2)
  4 fire dragons
  2 deep elf high priests
  3 merfolk impalers
  The ghost of caec the Thaumaturge, a journeyman DrTm of Hepliaklqana (Lair:2)
  4 ice dragons
  2 yaktaur captains
  A peacekeeper (Vaults:4)
  2 entropy weavers
  2 salamander tyrants
  The ghost of Kausaega the Poker, a journeyman DsGl of Uskayaw (Orc:1)
  A hydra (Lair:3)
  A rakshasa (Depths:2)
  7 vault guards
  5 ironbound frosthearts
  A merfolk avatar (Shoals:1)
  2 alligator snapping turtles (Shoals:4)
  13 dancing weapons
  2 naga warriors
  6 deep troll earth magi
  3 deep troll shamans
  3 death yaks
  2 orc high priests
  5 naga sharpshooters
  A spriggan berserker (Depths:1)
  3 shock serpents
  A deep elf knight (Elf:2)
  A sun demon (Shoals:3)
  A soul eater (Depths:3)
  2 iron trolls
  A salamander mystic (Snake:4)
  A skyshark (Shoals:3)
  5 sea snakes
  2 spriggans
  38 deep trolls
  6 deep elf archers
  2 naga ritualists (Snake:4)
  3 necromancers
  6 ironbound convokers
  8 orc knights
  2 phantasmal warriors (Depths:2)
  9 deep elf zephyrmancers
  5 lindwurms
  2 harpies (Shoals:2)
  A faun (Shoals:1)
  2 orc sorcerers (Orc:2)
  A shining eye (Slime:5)
  13 ugly things
  9 deep elf pyromancers
  8 salamanders
  A mana viper (Snake:3)
  3 manticores
  A moth of wrath (Zot:1)
  2 nameless horrors
  6 black mambas
  2 naga magi
  A water nymph (Shoals:4)
  8 vault sentinels
  A smoke demon (Depths:2)
  A komodo dragon (Lair:5)
  A tengu conjurer (Depths:2)
  A meliai (D:13)
  3 wind drakes (Shoals:4)
  2 hornets
  13 merfolk
  A human skeleton (Vaults:3)
  2 spectral merfolk (Shoals:1)
  3 snapping turtles
  A spectral manticore (Shoals:1)
  2 air elementals (Elf:2)
  43 slime creatures
  4 water elementals
  A golden eye (Slime:2)
  A warg (Elf:1)
  5 nagas
  5 orc warriors
  A glowing shapeshifter skeleton (Vaults:3)
  A boggart (Vaults:2)
  A bullfrog (Lair:4)
  3 orc priests
  An orc wizard (Orc:2)
  3 orcs (Orc:2)
  A spectral weapon (Depths:1)
464 creatures vanquished.

Vanquished Creatures (others)
  A fire giant (Depths:1)
  A nameless horror (Depths:3)
2 creatures vanquished.

Grand Total: 2043 creatures vanquished

Notes
Turn   | Place    | Note
-------+----------+-------------------------------------------
     0 | D:1      | Cheops the Gargoyle Earth Elementalist began the quest for
                  | the Orb.
     0 | D:1      | Reached XP level 1. HP: 10/10 MP: 3/3
    53 | D:1      | Reached XP level 2. HP: 9/15 MP: 0/5
   472 | D:1      | Reached XP level 3. HP: 19/19 MP: 5/7
   494 | D:1      | Reached skill level 4 in Earth Magic
   759 | D:1      | Learned a level 3 spell: Stone Arrow
   762 | D:1      | Learned a level 2 spell: Passwall
   871 | D:2      | Reached XP level 4. HP: 24/24 MP: 5/8
   980 | D:2      | Reached skill level 5 in Earth Magic
  1176 | D:2      | You fall into a shaft and drop 2 floors!
  1176 | D:4      | Found a snail-covered altar of Cheibriados.
  1423 | D:3      | Found a basalt altar of Yredelemnul.
  2043 | D:3      | Found a faded altar of an unknown god.
  2399 | D:3      | Reached skill level 6 in Earth Magic
  2399 | D:3      | Reached XP level 5. HP: 28/28 MP: 5/9
  2885 | D:4      | Reached skill level 7 in Earth Magic
  3065 | D:4      | Found a runed translucent door.
  3068 | D:4      | Noticed tmcgee265's ghost (amateur HOFi)
  3140 | D:4      | Reached skill level 1 in Conjurations
  3140 | D:4      | Reached XP level 6. HP: 31/32 MP: 2/10
  3411 | D:4      | Found a white marble altar of Elyvilon.
  3411 | D:4      | Found a glowing silver altar of Zin.
  3621 | D:4      | Found a staircase to the Ecumenical Temple.
  3887 | Temple   | Entered the Ecumenical Temple
  4187 | D:4      | Identified a scroll of acquirement
  4199 | D:5      | Entered Level 5 of the Dungeon
  4464 | D:5      | Reached XP level 7. HP: 36/36 MP: 11/11
  4590 | D:5      | Reached skill level 5 in Conjurations
  4898 | D:5      | Reached skill level 8 in Earth Magic
  5039 | D:5      | Found a burning altar of Makhleb.
  5395 | D:5      | Reached skill level 9 in Earth Magic
  5395 | D:5      | Reached XP level 8. HP: 41/41 MP: 13/13
  6641 | D:3      | Found a basalt altar of Yredelemnul.
  6669 | D:3      | Found a faded altar of an unknown god.
  6940 | D:4      | Found a staircase to the Ecumenical Temple.
  7001 | D:4      | Found a snail-covered altar of Cheibriados.
  7155 | D:4      | Found a runed translucent door.
  7422 | D:4      | Found a white marble altar of Elyvilon.
  7422 | D:4      | Found a glowing silver altar of Zin.
  7792 | D:5      | Found a burning altar of Makhleb.
  8166 | D:6      | Noticed Prince Ribbit
  8209 | D:6      | Learned a level 4 spell: Petrify
  8301 | D:6      | Noticed Pikel
  8307 | D:6      | Killed Pikel
  8308 | D:6      | Reached skill level 10 in Earth Magic
  8308 | D:6      | Reached skill level 5 in Spellcasting
  8460 | D:6      | Reached XP level 9. HP: 44/45 MP: 12/17
  8463 | D:6      | Found a sand-covered staircase.
  8505 | Ossuary  | Entered an ossuary
  8771 | Ossuary  | Reached skill level 11 in Earth Magic
  9330 | D:6      | Killed Prince Ribbit
  9421 | D:6      | Reached skill level 1 in Transmutations
 10490 | D:7      | Reached XP level 10. HP: 50/50 MP: 19/19
 10526 | D:7      | Noticed Maggie
 10543 | D:7      | Killed Maggie
 10544 | D:7      | Reached skill level 5 in Transmutations
 11738 | D:8      | Reached skill level 1 in Shields
 12158 | D:8      | Reached skill level 5 in Shields
 12158 | D:8      | Reached skill level 1 in Armour
 12755 | D:8      | Reached skill level 5 in Armour
 13049 | D:8      | Found a radiant altar of Vehumet.
 13057 | D:8      | Became a worshipper of Vehumet
 13097 | D:8      | Found a staircase to the Lair.
 13822 | D:9      | Found a transporter.
 13822 | D:9      | Found Vucvaov's Antique Weapon Shop.
 13825 | D:9      | Found a transporter.
 13941 | D:9      | Found Uvaqed's Antique Weapon Shop.
 13955 | D:9      | Found Qaurist's Antique Weapon Shop.
 14001 | D:9      | Noticed a two-headed ogre
 14001 | D:9      | Noticed a two-headed ogre
 14015 | D:9      | Killed a two-headed ogre
 14016 | D:9      | Reached XP level 11. HP: 49/55 MP: 12/21
 14127 | D:9      | Killed a two-headed ogre
 14128 | D:9      | Reached skill level 1 in Fighting
 14344 | D:9      | Reached * piety under Vehumet
 14344 | D:9      | Offered knowledge of Magic Dart by Vehumet.
 14873 | D:10     | Entered Level 10 of the Dungeon
 14910 | D:10     | Found a flagged portal.
 14996 | Bailey   | Entered a bailey
 15316 | Bailey   | Identified the +3 short sword of Absolution {freeze, rPois
                  | Str+3 Int+4 Dex-4}
 15437 | Bailey   | Noticed a two-headed ogre
 15441 | Bailey   | Killed a two-headed ogre
 15643 | D:10     | Found a runed translucent gate.
 15643 | D:10     | Found a runed translucent gate.
 15643 | D:10     | Found a runed translucent gate.
 15644 | D:10     | Noticed ritesign's ghost (journeyman DgCj)
 15675 | D:10     | Noticed a centaur warrior
 15684 | D:10     | Killed a centaur warrior
 15838 | D:10     | Found Nuitiqos's Book Emporium.
 15846 | D:10     | Acquired 639 gold pieces
 15848 | D:10     | Bought a book of Power for 714 gold pieces
 15874 | D:10     | Learned a level 5 spell: Iskenderun's Battlesphere
 15881 | D:10     | Learned a level 6 spell: Iron Shot
 15890 | D:10     | Noticed a boulder beetle
 15899 | D:10     | Noticed a manticore
 15903 | D:10     | Killed a boulder beetle
 15908 | D:10     | Killed a manticore
 16088 | D:10     | Noticed a manticore
 16093 | D:10     | Killed a manticore
 16094 | D:10     | Reached XP level 12. HP: 62/63 MP: 22/24
 16109 | D:10     | Offered knowledge of Static Discharge by Vehumet.
 16203 | D:10     | Got the Treatise on the Hazy Swarm
 16212 | D:10     | Identified the +0 ring mail of Foolhardiness {rC+}
 16221 | D:10     | Reached ** piety under Vehumet
 16236 | D:10     | Noticed an ogre mage
 16247 | D:10     | Killed an ogre mage
 17089 | D:10     | Found Nuitiqos's Book Emporium.
 17547 | D:9      | Found Qaurist's Antique Weapon Shop.
 17663 | D:9      | Found Uvaqed's Antique Weapon Shop.
 17698 | D:9      | Found a transporter.
 17698 | D:9      | Found Vucvaov's Antique Weapon Shop.
 17720 | D:9      | Found a transporter.
 17932 | D:8      | Found a staircase to the Lair.
 18220 | D:8      | Found a radiant altar of Vehumet.
 19866 | D:11     | Noticed a two-headed ogre
 19871 | D:11     | Killed a two-headed ogre
 20046 | D:11     | Found a runed translucent door.
 20046 | D:11     | Noticed ritesign's ghost (journeyman DECj)
 20523 | D:11     | Reached skill level 10 in Conjurations
 20777 | D:11     | Killed ritesign's ghost
 20789 | D:11     | Got Sif Muna's Exposition on Breccia
 20976 | D:4      | Killed tmcgee265's ghost
 21163 | D:10     | Reached skill level 12 in Earth Magic
 21169 | D:10     | Killed ritesign's ghost
 21783 | D:12     | Noticed a two-headed ogre
 21788 | D:12     | Killed a two-headed ogre
 21856 | D:12     | Found a staircase to the Orcish Mines.
 22016 | D:12     | Reached XP level 13. HP: 70/70 MP: 17/26
 23122 | D:12     | Learned a level 7 spell: Spellforged Servitor
 23223 | D:13     | Noticed Rupert
 23224 | D:13     | Paralysed by Rupert for 2 turns
 23228 | D:13     | Paralysed by Rupert for 2 turns
 23366 | Lair:1   | Entered Level 1 of the Lair of Beasts
 23373 | Lair:1   | Reached skill level 13 in Earth Magic
 23388 | Lair:1   | Offered knowledge of Momentum Strike by Vehumet.
 23616 | Lair:1   | Found a burning altar of Makhleb.
 23824 | Lair:1   | Reached *** piety under Vehumet
 24021 | Lair:1   | Identified the staff of poison "Qaemuas" {rPois Int+3 SInv}
 24776 | Lair:2   | Reached skill level 1 in Summonings
 24865 | Lair:2   | Noticed Sonja
 24871 | Lair:2   | Killed Sonja
 25066 | Lair:2   | Noticed Harold
 25074 | Lair:2   | Killed Harold
 25522 | Lair:2   | Found a runed translucent door.
 25523 | Lair:2   | Noticed caec's ghost (journeyman DrTm)
 25524 | Lair:2   | Identified the +8 spear "Vosket" {flame, Fly}
 25708 | Lair:2   | Offered knowledge of Fulminant Prism by Vehumet.
 25826 | Lair:2   | Found a staircase to the Shoals.
 25920 | Lair:2   | Reached skill level 5 in Summonings
 26154 | Lair:2   | Killed caec's ghost
 27021 | Lair:2   | Found a staircase to the Shoals.
 27853 | Lair:3   | Found a staircase to the Snake Pit.
 28679 | Lair:3   | Reached **** piety under Vehumet
 28680 | Lair:3   | Gained mutation: Your large and strong wings let you fly.
                  | [Gargoyle growth]
 28680 | Lair:3   | Reached XP level 14. HP: 74/76 MP: 4/27
 29043 | Lair:4   | Offered knowledge of Olgreb's Toxic Radiance by Vehumet.
 29044 | Lair:4   | Reached skill level 10 in Spellcasting
 29050 | Lair:4   | Learned a level 5 spell: Borgnjor's Vile Clutch
 29175 | Lair:4   | Found a hide-covered altar of Uskayaw.
 29320 | Lair:4   | Reached skill level 1 in Necromancy
 30168 | Lair:5   | Entered Level 5 of the Lair of Beasts
 30304 | Lair:5   | Found a dark tunnel.
 30319 | Volcano  | Entered a volcano
 30631 | Volcano  | Reached skill level 5 in Necromancy
 31224 | Lair:5   | Found a staircase to the Slime Pits.
 31266 | Lair:5   | Found a viscous altar of Jiyva.
 34000 | Lair:5   | Found a staircase to the Slime Pits.
 34002 | Lair:5   | Found a viscous altar of Jiyva.
 35627 | Lair:5   | Found a staircase to the Slime Pits.
 35629 | Lair:5   | Found a viscous altar of Jiyva.
 35967 | Lair:4   | Found a hide-covered altar of Uskayaw.
 36646 | Lair:3   | Found a staircase to the Snake Pit.
 37308 | Lair:2   | Found a staircase to the Shoals.
 38236 | Lair:1   | Found a burning altar of Makhleb.
 39040 | D:12     | Killed Rupert
 39714 | D:13     | Reached XP level 15. HP: 80/80 MP: 15/29
 40177 | D:13     | Reached skill level 15 in Conjurations
 40462 | D:13     | Found a gate to the Vaults.
 40818 | D:13     | Noticed Azrael
 40826 | D:13     | Killed Azrael
 41426 | D:13     | Found a gate to the Vaults.
 43134 | D:15     | Entered Level 15 of the Dungeon
 43166 | D:15     | Noticed Nessos
 43175 | D:15     | Killed Nessos
 45288 | D:15     | Reached skill level 5 in Fighting
 45375 | D:15     | Found a staircase to the Depths.
 45716 | D:15     | Found a staircase to the Depths.
 45909 | Orc:1    | Entered Level 1 of the Orcish Mines
 45936 | Orc:1    | Found Wotteynt's Overcharged Wands.
 45945 | Orc:1    | Reached ***** piety under Vehumet
 45945 | Orc:1    | Offered knowledge of Irradiate by Vehumet.
 45952 | Orc:1    | Noticed an orc warlord
 46010 | Orc:1    | Killed an orc warlord
 46045 | Orc:1    | Found a frozen archway.
 46105 | IceCv    | Entered an ice cave
 46703 | IceCv    | Noticed a frost giant
 47754 | IceCv    | Reached XP level 16. HP: 94/94 MP: 13/30
 48303 | Orc:1    | Found a transporter.
 48306 | Orc:1    | Noticed Kausaega's ghost (journeyman DsGl)
 48309 | Orc:1    | Found a transporter.
 48676 | Orc:1    | Offered knowledge of Arcjolt by Vehumet.
 48964 | Orc:2    | Entered Level 2 of the Orcish Mines
 49044 | Orc:2    | Found Deasiy's Book Boutique.
 49044 | Orc:2    | Found Ynkugeh's Weapon Shop.
 49050 | Orc:2    | Found Luwkuon's Antique Armour Shop.
 49060 | Orc:2    | Bought a pair of faintly glowing gloves for 199 gold pieces
 49060 | Orc:2    | Identified the +1 pair of gloves "Ethrixe" {rElec Int+5}
                  | (You bought it in a shop on level 2 of the Orcish Mines)
 49116 | Orc:2    | Found a staircase to the Elven Halls.
 49642 | Orc:2    | Reached skill level 10 in Fighting
 50175 | Orc:2    | Found Irroqus's Distillery.
 50302 | Orc:2    | Bought a potion of attraction for 36 gold pieces
 50657 | Orc:2    | Paralysed by an orc sorcerer for 2 turns
 50788 | Orc:2    | Found Yxading's Assorted Antiques.
 50788 | Orc:2    | Found Guaritum's Armour Shop.
 50790 | Orc:2    | Found Uqiblol's Distillery.
 50790 | Orc:2    | Found Mit Bile's Assorted Antiques.
 50799 | Orc:2    | Bought a potion of ambrosia for 104 gold pieces
 50800 | Orc:2    | Bought a scroll of identify for 52 gold pieces
 50969 | Orc:1    | Killed Kausaega's ghost
 50981 | Orc:1    | Got the Folio of Pyromania
 51392 | Snake:1  | Entered Level 1 of the Snake Pit
 51422 | Snake:1  | Identified the +6 trident of Kaocar {speed, *Corrode rC+++
                  | Int+3 SInv}
 51981 | Snake:1  | Noticed Mlioglotl
 51988 | Snake:1  | Noticed a tentacled starspawn
 51988 | Snake:1  | Killed Mlioglotl
 52764 | Snake:1  | Found Toakh's Antique Armour Boutique.
 53441 | Snake:1  | Acquired the +18 Lear's hauberk
 53441 | Snake:1  | Found the +18 Lear's hauberk
 54313 | Snake:1  | Found Toakh's Antique Armour Boutique.
 55783 | D:9      | Bought the +5 demon whip "Spellbinder" {antimagic, disrupt,
                  | Will+} for 1899 gold pieces
 55783 | D:9      | Found the +5 demon whip "Spellbinder" {antimagic, disrupt,
                  | Will+}
 56128 | Snake:2  | Reached skill level 10 in Summonings
 56129 | Snake:2  | Identified the +3 ring mail "Dayplina" {rElec}
 56291 | Snake:2  | Offered knowledge of Lee's Rapid Deconstruction by Vehumet.
 56383 | Snake:1  | Learned a level 5 spell: Lee's Rapid Deconstruction
 57470 | Snake:3  | Identified the +1 hat of Okawaru's Favour {rN+ Int+3
                  | Stlth+}
 58395 | Snake:3  | Reached XP level 17. HP: 106/108 MP: 12/31
 58564 | Snake:3  | Noticed Vashnia
 58873 | Snake:3  | Killed Vashnia
 59655 | Snake:3  | Identified the +7 shortbow of Fukinonwas {freeze, +Blink}
 62204 | Shoals:1 | Entered Level 1 of the Shoals
 63196 | Shoals:1 | Found Keuschiu's Antique Weapon Shop.
 63277 | Shoals:1 | Found a runed translucent gate.
 63278 | Shoals:1 | Found a runed translucent gate.
 63279 | Shoals:1 | Found a runed translucent gate.
 63286 | Shoals:1 | Noticed fearitself's ghost (adept MiBe)
 63904 | Shoals:1 | Killed fearitself's ghost
 64027 | Shoals:1 | Learned a level 6 spell: Summon Cactus Giant
 64724 | Shoals:2 | Offered knowledge of Conjure Ball Lightning by Vehumet.
 65166 | Shoals:2 | Found Ynygiud's General Store.
 67516 | Shoals:3 | Reached XP level 18. HP: 112/112 MP: 7/36
 68210 | Shoals:3 | Identified the +1 pair of boots "Boushae" {rPois}
 68589 | Shoals:4 | Entered Level 4 of the Shoals
 70528 | Shoals:4 | Got a barnacled rune of Zot
 71041 | Shoals:4 | Reached skill level 10 in Shields
 71402 | Orc:2    | Bought a scroll of enchant armour for 195 gold pieces
 71667 | Shoals:4 | Offered knowledge of Orb of Destruction by Vehumet.
 73014 | Shoals:4 | Identified the ring of Dawn {rC+ Will+ Str+2 Dex-2 SInv}
 73112 | Shoals:4 | Noticed Polyphemus
 73781 | Shoals:4 | Killed Polyphemus
 75308 | Snake:4  | Entered Level 4 of the Snake Pit
 75308 | Snake:4  | Noticed Aizul
 75354 | Snake:4  | Killed Aizul
 76005 | Snake:4  | Reached skill level 15 in Spellcasting
 77176 | Snake:4  | Reached XP level 19. HP: 106/117 MP: 11/38
 78258 | Snake:4  | Acquired a Necronomicon
 79004 | Snake:4  | Offered knowledge of Yara's Violent Unravelling by Vehumet.
 79363 | Snake:4  | Got a serpentine rune of Zot
 79981 | Elf:1    | Entered Level 1 of the Elven Halls
 80018 | Elf:1    | Found Xeokkowk's Distillery.
 80993 | Elf:1    | Reached skill level 14 in Earth Magic
 81572 | Elf:1    | Offered knowledge of Lehudib's Crystal Spear by Vehumet.
 81683 | Elf:1    | Learned a level 8 spell: Lehudib's Crystal Spear
 82915 | Elf:1    | Found Xeokkowk's Distillery.
 83494 | Depths:1 | Entered Level 1 of the Depths
 83500 | Depths:1 | Reached skill level 15 in Earth Magic
 83899 | Depths:1 | Found a transporter.
 83907 | Depths:1 | Found a gateway to Hell.
 84038 | Depths:1 | You are sucked into a shaft and drop 1 floor!
 84256 | Depths:1 | Found a transporter.
 84277 | Depths:1 | Reached skill level 16 in Earth Magic
 84681 | Depths:1 | Found Ycvo's Mayhem Merchandise.
 84903 | Depths:1 | Noticed Asterion
 84910 | Depths:1 | Killed Asterion
 85602 | Depths:1 | Found an ornate altar of the Wu Jian Council.
 85828 | Depths:1 | Noticed a juggernaut
 85834 | Depths:1 | Noticed a golden dragon
 86599 | Elf:2    | Found a large runed translucent door.
 86599 | Elf:2    | Found a large runed translucent door.
 86638 | Elf:2    | Found a large runed translucent door.
 86638 | Elf:2    | Found a large runed translucent door.
 86785 | Elf:2    | Reached skill level 17 in Earth Magic
 86871 | Elf:2    | Paralysed by an air elemental for 1 turns
 86987 | Elf:2    | Reached XP level 20. HP: 123/123 MP: 1/39
 87415 | Elf:2    | Paralysed by an air elemental for 1 turns
 88168 | Elf:2    | Reached skill level 18 in Earth Magic
 89246 | Elf:3    | Entered Level 3 of the Elven Halls
 89459 | Elf:3    | Reached skill level 10 in Armour
 90162 | Elf:2    | Found a shimmering blue altar of Sif Muna.
 90763 | Elf:3    | Found the +6 arbalest "Damnation" {damnation}
 91261 | Elf:3    | Identified the staff of conjuration "Gaxkig" {rC++ Int+4
                  | Dex+3}
 91688 | Elf:3    | Identified the +3 demon trident of Benevolence {speed,
                  | rCorr Int+3 Dex-4 SInv}
 91688 | Elf:3    | Identified the +0 leather armour "Dedor" {Drain +Inv rF++
                  | rC+}
 91688 | Elf:3    | Identified the orb of the Solstice {*channel, Harm rElec
                  | rPois rF-}
 91688 | Elf:3    | Identified the ring of Fotz {rPois MP+9 Int+4}
 93140 | Elf:3    | Identified the +3 spear of Lethritu {drain, rPois Str+4
                  | Int+4 Dex-5}
 94438 | Elf:3    | Identified the +2 chain mail of the Accordion {rPois}
 94779 | Elf:3    | Identified the +3 lajatang "Detwex" {flame, rC+ Dex+3
                  | Stlth+}
 95186 | Elf:3    | Got The Lost Spellbook of Boris
 95189 | Elf:3    | Got Sif Muna's Spellbook of the Helpful Shot
 96019 | Depths:2 | Found a one-way gateway to a ziggurat.
 96187 | Depths:2 | Reached XP level 21. HP: 121/128 MP: 25/42
 96747 | Depths:2 | Found a hide-covered altar of Uskayaw.
 96841 | Depths:2 | Identified the +6 mace "Giowivum" {heavy, rC+ Will- Str+5}
 97651 | Depths:2 | Found a one-way gate leading to the halls of Pandemonium.
 97662 | Depths:2 | Reached ****** piety under Vehumet
 97664 | Depths:2 | Offered knowledge of Polar Vortex by Vehumet.
 98062 | Depths:2 | Noticed a caustic shrike
 98066 | Depths:2 | Killed a caustic shrike
 98704 | Depths:2 | Noticed a juggernaut
 99082 | Depths:2 | Killed a juggernaut
 99249 | Depths:2 | Noticed a caustic shrike
 99252 | Depths:2 | Killed a caustic shrike
 99280 | Depths:2 | Noticed a juggernaut
 99437 | Depths:2 | Killed a juggernaut
 99626 | Depths:2 | Noticed a golden dragon
 99631 | Depths:2 | Killed a golden dragon
 99787 | Depths:2 | Noticed a juggernaut
 99797 | Depths:2 | Killed a juggernaut
 99959 | Depths:2 | Noticed a golden dragon
 99964 | Depths:2 | Killed a golden dragon
100278 | Depths:2 | Identified the +1 quarterstaff of Flawed Execution
                  | {antimagic, rF++ rC- rN+++}
100278 | Depths:2 | Identified the +2 halberd of the Whale {drain, *Rage rC+
                  | Will+}
100307 | Depths:2 | Identified the +0 ring mail "Arphuolie" {Rampage}
100351 | Depths:2 | Learned a level 4 spell: Petrify
100597 | Depths:3 | Noticed Jory
100604 | Depths:3 | Killed Jory
101118 | Depths:3 | Found a one-way gate to the infinite horrors of the Abyss.
101324 | Depths:3 | Noticed a golden dragon
101327 | Depths:3 | Killed a golden dragon
102290 | Depths:3 | Reached XP level 22. HP: 105/133 MP: 29/46
102906 | Depths:3 | Reached skill level 10 in Transmutations
103005 | Depths:3 | Found a runed translucent gate.
103005 | Depths:3 | Found a runed translucent gate.
103005 | Depths:3 | Found an ancient bone altar of Kikubaaqudgha.
103005 | Depths:3 | Found a runed translucent gate.
103005 | Depths:3 | Noticed a dread lich
103006 | Depths:3 | Noticed Plog's ghost (adept DgCj)
104082 | Depths:3 | Killed Plog's ghost
104254 | Depths:3 | Killed a dread lich
104500 | Depths:3 | Got the Papyrus of Firn and Heat
104508 | Depths:3 | Identified the +3 hat of Wu Jian's Whim {MP+9}
104511 | Depths:3 | Identified the amulet "Iprasawkys" {Regen+ MP-9 Str+6}
104571 | Depths:3 | Found a one-way gate to the infinite horrors of the Abyss.
105382 | Depths:3 | Acquired the amulet of Fuloto {Acrobat rF+ Will- Dex+4}
105386 | Depths:3 | Acquired 406 gold pieces
105404 | Depths:3 | Learned a level 9 spell: Shatter
105802 | Slime:1  | Entered Level 1 of the Pits of Slime
107515 | Slime:2  | Gained mutation: You are dopey. (Int -2) [a shining eye]
109336 | Slime:2  | Gained mutation: You are weak. (Str -2) [a shining eye]
109888 | Slime:4  | Noticed Dissolution
111095 | Slime:4  | Killed Dissolution
111594 | Slime:5  | Entered Level 5 of the Pits of Slime
111687 | Slime:5  | Gained mutation: You are frail. (-10% HP) [a shining eye]
111689 | Slime:5  | Gained mutation: You occasionally lose the ability to drink
                  | potions when taking damage. [a shining eye]
111691 | Slime:5  | Lost mutation: You are weak. (Str -2) [potion of mutation]
111691 | Slime:5  | Lost mutation: You occasionally lose the ability to drink
                  | potions when taking damage. [potion of mutation]
111691 | Slime:5  | Lost mutation: You are frail. (-10% HP) [potion of
                  | mutation]
111691 | Slime:5  | Gained mutation: You are partially covered in large bone
                  | plates. (SH +4) [potion of mutation]
111691 | Slime:5  | Gained mutation: Your flesh is heat resistant. (rF+)
                  | [potion of mutation]
112855 | Slime:5  | Reached skill level 15 in Transmutations
113429 | Slime:5  | Found a viscous altar of Jiyva.
113430 | Slime:5  | Noticed the Royal Jelly
113695 | Slime:5  | Found the +3 crown of Dyrovepreva {rElec Int+2 SInv}
113723 | Slime:5  | Reached XP level 23. HP: 138/138 MP: 47/47
114365 | Slime:5  | Killed the Royal Jelly
116019 | Slime:5  | Identified the ring "Xytec" {Fly rPois Will+}
116036 | Slime:5  | Identified the +8 long sword of the Vanishing Knives
                  | {flame, Int+3}
116110 | Slime:5  | Got a slimy rune of Zot
116159 | Slime:5  | Identified the ring of Harmony {rPois rC+ Will+ Slay+4}
116173 | Slime:5  | Identified the +2 sling of the Loving Gods {flame, rPois
                  | Str+4}
116175 | Slime:5  | Identified the +6 plate armour of the Marlin {rCorr}
116176 | Slime:5  | Identified the +0 halberd of Attainder {flame, rPois rF+}
116840 | Depths:1 | Paralysed by a great orb of eyes for 4 turns
116851 | Depths:1 | Killed a juggernaut
117381 | Depths:1 | Killed a golden dragon
117606 | Depths:1 | Identified the ring of Daip {Will+ Dex+6 SInv}
117620 | Depths:1 | Identified the ring of Foneem {Will+ Int+2}
117630 | Depths:1 | Identified the ring of the Freezing Madman {Will+ rCorr
                  | Int+6}
117916 | Vaults:1 | Entered Level 1 of the Vaults
119062 | Vaults:1 | Reached skill level 15 in Shields
120990 | Vaults:2 | Found Plog's General Store.
121533 | Vaults:2 | Reached skill level 1 in Staves
123013 | Vaults:2 | Reached XP level 24. HP: 144/144 MP: 34/47
123360 | Vaults:2 | Bought a scroll of teleportation for 45 gold pieces
123360 | Vaults:2 | Bought a scroll of teleportation for 45 gold pieces
123449 | Vaults:2 | Reached skill level 5 in Evocations
123982 | Vaults:3 | Reached skill level 5 in Staves
124985 | Vaults:3 | Found Doaroz's Armour Boutique.
125954 | Vaults:3 | Found a staircase to the Crypt.
125954 | Vaults:3 | Found a basalt altar of Yredelemnul.
125954 | Vaults:3 | Found an ancient bone altar of Kikubaaqudgha.
127860 | Vaults:4 | Noticed Zenata
127865 | Vaults:4 | Killed Zenata
129117 | Vaults:4 | Identified the +1 leather armour of Anaesthesia {Str+4}
130033 | Vaults:4 | Identified the +0 long sword "Hobup" {flame, *Slow Fly
                  | Will++ Dex+2}
130384 | Vaults:5 | Entered Level 5 of the Vaults
130392 | Vaults:5 | Reached skill level 10 in Staves
130395 | Vaults:5 | Reached skill level 10 in Evocations
130395 | Vaults:5 | Reached XP level 25. HP: 92/148 MP: 47/47
131412 | Vaults:5 | Noticed an ancient lich
131415 | Vaults:5 | Identified the ring of Sor Gaa {Fire rN+ Str+6}
131416 | Vaults:5 | Killed an ancient lich
132157 | Vaults:5 | Identified the +5 ring mail of the Tundras {Harm Str+3}
132161 | Vaults:5 | Got the Incunable of the Jinx and Breath
132464 | Vaults:5 | Identified the +2 ring mail "Beewn" {rElec rC+++ MP+9
                  | Str-2}
132633 | Vaults:5 | Identified the +7 chain mail of Xefahe Iteup {+Inv}
133048 | Vaults:5 | Identified the +2 cloak of Negation {rF++ Dex-2}
133501 | Vaults:5 | Noticed a dread lich
133503 | Vaults:5 | Killed a dread lich
133730 | Vaults:5 | Got the Almanac of Flesh
133751 | Vaults:5 | Reached skill level 19 in Earth Magic
134920 | Vaults:5 | Got the Quarto of the Puissant Fjord
134923 | Vaults:5 | Got a silver rune of Zot
135419 | Depths:3 | Found an ancient bone altar of Kikubaaqudgha.
136042 | Depths:3 | Found a one-way gate to the infinite horrors of the Abyss.
136810 | Depths:4 | Entered Level 4 of the Depths
137120 | Depths:4 | Found Hexirchou's Distillery.
137321 | Depths:4 | Found a gate to the Realm of Zot.
137724 | Depths:4 | Reached skill level 20 in Earth Magic
137886 | Depths:4 | Reached XP level 26. HP: 154/154 MP: 35/47
139085 | Depths:4 | Found a corrupted altar of Lugonu.
139741 | D:10     | Bought a book of Sloth for 612 gold pieces
139973 | Zot:1    | Entered Level 1 of the Realm of Zot
140083 | Zot:1    | Reached skill level 21 in Earth Magic
141286 | Zot:1    | Identified the +8 spear of Sequestration {pain, Will+}
141823 | Zot:1    | HP: 6/154 [quicksilver dragon/bolt of dispelling energy
                  | (24)]
141849 | Zot:1    | Killed from afar by a quicksilver dragon

Illustrated notes

Levels and vault maps discovered:
D:1:      dpeg_arrival_leaves_temple_mockup, layout_basic
D:2:      layout_rooms, minmay_hedge_maze
D:3:      layout_basic, overflow_temple_1_default, nicolae_ecumenical_oubliette,
          minmay_misc_feat_doors
D:4:      layout_basic, mainiacjoe_overflow_boulevard,
          amethyst_overflow_temple_binary, minmay_temple_entry_tees,
          ebering_ghost_reflecting_pool
D:5:      layout_basic, lemuel_round_altar
D:6:      layout_cave_pools, nicolae_ossuary_entry_catacombs, uniq_pikel,
          uniq_prince_ribbit1
D:7:      layout_rooms, serial_co_window_serial, co_window_paths_a,
          co_window_paths_b, co_window_corner_a, co_window_corner_a,
          co_window_corner_a, co_window_corner_a, co_window_of_opportunity_b,
          co_window_broadway_c, co_window_corner_ca, co_window_of_opportunity_b,
          co_window_cross_3, co_window_unsneaky_path_c, co_window_broadway_a,
          co_window_sun, co_window_paths_e, glass_columns_a, glass_columns_c,
          glass_columns_a, glass_columns_a, glass_columns_b, uniq_maggie
D:8:      layout_loops_ring, mainiacjoe_overflow_paths,
          due_lair_maze_entry_diamond
D:9:      layout_roguey, serial_shops, nicolae_shop_competitors_out_of_business,
          shop, nicolae_shop_drivethru
D:10:     minmay_cut_squares, layout_cave_pools, enter_bailey_4,
          gammafunk_ghost_spectres, serial_shops, nicolae_shop_window_shopping,
          lightli_wizard_tower
D:11:     minmay_cornered_nines, layout_loops_ring, hellmonk_ghost_big_iron,
          minivault_24
D:12:     layout_grid_maze, minmay_orc_entry_guard_dogs, gauntlet_entry_generic
D:13:     layout_irregular_city, david_vaults_4, uniq_azrael, uniq_rupert
D:14:     layout_irregular_city
D:15:     gammafunk_enter_depths_forms, layout_rooms, minmay_misc_feat_plants,
          uniq_nessos
Temple:   minmay_temple_bridge_d
Lair:1:   layout_cave_pods, basic_altar, st_stairs_13, serial_bayou_pond_d,
          serial_bayou_pond_e
Lair:2:   layout_regular_city, elwin_shoals_entry_stream,
          ebering_ghost_funeral_grove, st_stairs_6, uniq_sonja, uniq_harold
Lair:3:   layout_layer_cave, guppyfry_snake_entry_island, beast_lair_carwin_1
Lair:4:   wander_river, layout_hall_layers, basic_altar,
          infiniplex_staircase_pool_2
Lair:5:   grunt_lair_end_beastmaster, layout_regular_city,
          nicolae_slime_entry_field_trip, enter_volcano_4,
          bobbens_dragon_lair_wall
Shoals:1: layout_shoals, gammafunk_ghost_necromancy, serial_shops,
          nicolae_shop_statue_plus, nicolae_shoals_gull_way
Shoals:2: layout_shoals, serial_shops, nicolae_shop_crystal,
          argonaut_gorgonesque
Shoals:3: layout_shoals, nicolae_shoals_sun_and_surf
Shoals:4: shoals_end_simple, layout_shoals, nicolae_shoals_pincushion_passage,
          uniq_polyphemus
Snake:1:  layout_basic, serial_shops, nicolae_shop_back_alley_shop,
          grunt_megastairs_5, lemuel_fruit_tree, uniq_mlioglotl
Snake:2:  layout_gridlike, st_stairs_1, nicolae_triple_integral
Snake:3:  layout_layer_cave, nicolae_snake_salamander_fort, uniq_vashnia
Snake:4:  snake_pit, layout_cave_town, uniq_aizul
Slime:1:  layout_caves
Slime:2:  layout_caves
Slime:3:  layout_caves, nicolae_slime_barrier
Slime:4:  layout_caves, uniq_dissolution
Slime:5
Orc:1:    layout_diamond_mine, portal_ice_cave_rime, gammafunk_ghost_arena,
          nicolae_shop_overcharged_wands
Orc:2:    grunt_orc_tribal_feast, layout_caves, serial_shops,
          nicolae_shop_tiny_statue_garden, shop, shop_statue,
          nicolae_book_shop_shelving
Elf:1:    layout_gridlike, serial_shops, nicolae_shop_pleasant_corner_grove,
          minivault_28, grunt_megastairs_1
Elf:2:    elven_hall_of_blades_hangedman_alternative
          [nicolae_blade_entry_splitting_headache], layout_onion_city,
          lemuel_upstairs_altar
Elf:3:    elf_hall, layout_loops_ring, hellmonk_guarded_unrand_damnation
Vaults:1: vaults_room_stairs_pillars, nicolae_vaults_trapezoid_lopsided_4,
          nicolae_vaults_disjoint_gnomons, ontoclasm_vaults_spin,
          nicolae_vaults_triangles, nicolae_vaults_alarming,
          nicolae_vaults_door_testing_chamber, v_pattern_1,
          ontoclasm_vaults_shuriken, nicolae_vaults_house_2,
          layout_vaults_omnigrid
Vaults:2: nicolae_vaults_storage_closets_1, v_misc_26,
          vaults_room_stairs_pillars, nicolae_vaults_wrenched,
          nicolae_vaults_twisting_passages, nicolae_vaults_little_ls,
          nicolae_vaults_spaceships, nicolae_vaults_surprise_closet, v_misc_13,
          vaults_room_hallway, hangedman_vaults_stretched_pinwheel,
          layout_vaults_maze_bifur, serial_shops, nicolae_shop_behind_doors
Vaults:3: nicolae_vaults_inception_corners, nicolae_vaults_network_star,
          nicolae_vaults_offset_grid_hallway_3, vaults_dpeg_emergency_exit,
          vaults_standard_mumra_x, nicolae_vaults_halls_meeting,
          minmay_crypt_entry_necro_gods, nicolae_vaults_weapon_check,
          nicolae_vaults_asterisk, nicolae_vaults_specimen_jars,
          layout_vaults_omnicross, serial_shops, nicolae_shop_back_alley_shop
Vaults:4: v_rooms_1, v_misc_11, nicolae_vaults_thirteen_compartments,
          grunt_vaults_hallway_short, vaults_dpeg_diagonal,
          nicolae_vaults_three_branches, ontoclasm_vaults_loading_screen,
          nicolae_vaults_wine_cellar, v_misc_12, vaults_standard_mumra_lines,
          nicolae_vaults_house_2, nicolae_vaults_back_hallway, vaults_dpeg_ring,
          layout_vaults_omnibox, uniq_zenata
Vaults:5: serial_shops
Depths:1: gammafunk_dig_for_victory, layout_gridlike, hex_medium, hell_entry,
          minmay_shop_mayhem, minmay_misc_feat_nine_boxes,
          hangedman_abyss_or_decor_stagger, nzn_wu_jian_council_hall,
          uniq_asterion
Depths:2: minmay_nine_rooms, layout_gridlike, ziggurat_fallback,
          lightli_too_deep, grunt_pan_entry_spiral,
          chequers_serial_rivers_room_a, nicolae_uskayaw_en_pointe
Depths:3: nicolae_hexawheel, layout_gridlike, minmay_misc_feat_room,
          hangedman_abyss_entry_splay, gammafunk_ghost_crypt,
          rand_demon_pan_entry_9, grunt_hell_entry_dis_old, uniq_jory
Depths:4: grunt_zot_entry_funnels, layout_honeycomb, serial_bayou_pond_d,
          serial_shops, shop, abyss_entry_flame_altar, hell_entry
Zot:1:    layout_concentric_octagons

Skill      XL: |  1  2  3  4  5  6  7  8  9 10 11 12 13 14 15 16 17 18 19 20 21 22 23 24 25 26 |
---------------+-------------------------------------------------------------------------------+-----
Spellcasting   | 3 5 6 8 9 10 14 15 17 20 | 20.0
Earth Magic    | 4 6 7 9 10 11 12 13 17 18 20 21 | 21.0
Conjurations   | 1 4 5 7 9 11 12 14 16 17 18 | 18.0
Transmutations | 4 5 7 8 15 | 15.0
Evocations     | 3 4 10 12 | 12.0
Shields        | 5 11 12 16 | 16.2
Armour         | 6 8 10 12 | 12.0
Fighting       | 2 4 8 12 | 12.4
Summonings     | 7 9 11 12 14 | 14.0
Necromancy     | 6 8 |  8.7
Staves         | 3 10 12 | 12.0
Dodging        | |  1.5
Stealth        | |  2.1

Action                     |  1- 3 |  4- 6 |  7- 9 | 10-12 | 13-15 | 16-18 | 19-21 | 22-24 | 25-27 || total
---------------------------+-------+-------+-------+-------+-------+-------+-------+-------+-------++-------
  Melee: Unarmed           |    57 |       |       |       |       |       |       |       |       ||    57
         Dagger            |       |     5 |       |       |       |       |       |       |       ||     5
         Staff             |       |       |     3 |    17 |       |       |     1 |    12 |    16 ||    49
         Short sword       |       |       |       |     2 |    18 |    23 |     1 |       |       ||    44
         Demon whip        |       |       |       |       |       |     4 |     6 |       |       ||    10
   Cast: Sandblast         |    29 |    98 |    94 |    43 |   137 |   111 |    28 |     9 |     4 ||   553
         Stone Arrow       |       |     9 |    66 |   239 |   370 |   426 |   318 |   516 |   211 ||  2155
         Passwall          |       |       |     1 |     4 |     8 |     4 |    11 |     4 |       ||    32
         Petrify           |       |       |       |     1 |       |       |     2 |       |       ||     3
         Iskenderun's Batt |       |       |       |    21 |   163 |   185 |   154 |   135 |    66 ||   724
         Iron Shot         |       |       |       |       |    66 |   111 |   147 |   251 |   101 ||   676
         Spellforged Servi |       |       |       |       |    17 |    80 |   146 |   202 |    93 ||   538
         Borgnjor's Vile C |       |       |       |       |    35 |    92 |    59 |     6 |     3 ||   195
         Summon Cactus Gia |       |       |       |       |       |    14 |     3 |     3 |     1 ||    21
         Lee's Rapid Decon |       |       |       |       |       |    12 |    16 |    13 |       ||    41
         Lehudib's Crystal |       |       |       |       |       |       |    27 |    40 |    18 ||    85
         Shatter           |       |       |       |       |       |       |       |    10 |       ||    10
  Evoke: Wand              |       |       |     1 |    10 |    14 |    10 |     1 |    14 |     2 ||    52
         Lightning rod     |       |       |       |       |     2 |     6 |       |       |       ||     8
    Use: Scroll            |       |     6 |     7 |     6 |    25 |    13 |     6 |    14 |     7 ||    84
         Potion            |       |       |       |       |     3 |     3 |     1 |     6 |     5 ||    18
   Stab: Paralysed         |       |       |       |       |    11 |       |       |       |       ||    11
         Invisible         |       |       |       |       |       |       |       |       |     1 ||     1
         Distracted        |       |       |       |       |       |       |       |       |     1 ||     1
 Armour: Robe              |    24 |    16 |    33 |     8 |       |       |       |       |       ||    81
         Swamp dragon scal |       |       |       |    55 |    97 |    46 |       |       |       ||   198
         Ring mail         |       |       |       |     1 |    71 |     4 |       |       |    88 ||   164
         Fire dragon scale |       |       |       |       |     9 |       |       |   136 |    10 ||   155
         Chain mail        |       |       |       |       |       |   315 |   146 |   127 |       ||   588
  Dodge: Dodged            |    51 |    20 |    63 |   145 |   144 |   238 |    70 |   101 |    39 ||   871
  Block: Buckler           |       |       |       |    34 |   105 |   111 |       |    17 |       ||   267
         Kite shield       |       |       |       |       |       |    52 |   101 |   262 |   124 ||   539
         Reflection        |       |       |       |       |       |     6 |    26 |    25 |    17 ||    74
